 Dungeon Crawl Stone Soup version 0.30.1-11-g7821555f0a (webtiles) character file.

Game seed: 14625171048623363262

217 comborobin the Ruffian (level 5, 0/50 HPs)
             Began as a Troll Delver on Dec 18, 2023.
             Slain by Edmund
             ... wielding a +1 heavy flail
              (16 damage)
             ... on level 4 of the Dungeon.
             The game lasted 00:00:53 (652 turns).

comborobin the Ruffian (Troll Delver)                Turns: 652, Time: 00:00:54

Health: 0/50       AC:  4    Str: 22    XL:     5   Next: 61%
Magic:  4/4        EV:  9    Int:  6    God:
Gold:   29         SH:  0    Dex: 11    Spells: 4/4 levels left

rFire   x .          .
                       - Unarmed
rCold   + . .        (no shield)
rNeg    . . .        a - +0 robe
rPois   .            (helmet restricted)
rElec   .            (no cloak)
rCorr   .            (gloves unavailable)
SInv    .            (boots unavailable)
Will    .....        (no amulet)
Stlth   ++           g - ring of ice
HPRegen 1.08/turn    (no ring)
MPRegen 0.09/turn

%: no passive effects
@: no status effects
A: large, unfitting armour, claws 3, regeneration 1, shaggy fur 1, tough skin 1
a: no special abilities


You were on level 4 of the Dungeon.
You visited 1 branch of the dungeon, and saw 3 of its levels.

You collected 29 gold pieces.

Inventory:

Armour
 a - a +0 robe (worn)
Jewellery
 g - a ring of ice (left claw)
Wands
 f - a wand of digging (3)
Scrolls
 b - a scroll of fog
 d - a scroll of fear
 h - 3 scrolls of identify {unknown}
 i - 3 scrolls of teleportation {unknown}
 k - a scroll of amnesia {unknown}
 l - a scroll of acquirement {unknown}
Potions
 j - a potion of curing {unknown}


   Skills:
 - Level 2.4 Fighting
 - Level 1.5 Dodging
 - Level 2.7 Stealth
 + Level 6.0 Unarmed Combat


You had 4 spell levels left.
You didn't know any spells.
Your spell library was empty.

Dungeon Overview and Level Annotations

Branches:
Dungeon (5/15)
 Temple: D:4-7

Altars:

Annotations:
D:4 Edmund


Innate Abilities, Weirdness & Mutations

You are too large for most types of armour.
You have claws for hands.
Your natural rate of healing is unusually fast.
You are covered in fur. (AC +1)
You have tough skin. (AC +1)


Message History

You start resting.
Your extra speed is starting to run out.
You climb downwards.
Level annotation: Edmund Edmund says, "People accused me of being a cutpurse!"
Edmund closely misses you.
There is a stone staircase leading up here.
You climb upwards.
There is a stone staircase leading down here.
You claw Edmund!
Edmund is moderately wounded.
You scratch Edmund but do no damage.
Edmund is moderately wounded.
Edmund barely misses you.
You scratch Edmund.
Edmund is moderately wounded.
You feel yourself slow down.
You scratch Edmund but do no damage.
Edmund is moderately wounded.
Edmund hits you with a +1 heavy flail!!
You completely miss Edmund.
Edmund is moderately wounded.
You scratch Edmund but do no damage.
Edmund is moderately wounded.
Edmund hits you with a +1 heavy flail!
You barely miss Edmund.
Edmund is moderately wounded.
You claw Edmund!
Edmund is heavily wounded.
Edmund hits you with a +1 heavy flail.
You scratch Edmund.
Edmund is heavily wounded.
Edmund hits you with a +1 heavy flail.
* * * LOW HITPOINT WARNING * * *
You scratch Edmund.
Edmund is heavily wounded.
You claw Edmund!
Edmund is severely wounded.
Edmund hits you with a +1 heavy flail!
You die...

,,**,.####....#.####.......# #.#
,,,............<.....#####.###.#
,**#............#.##.### #.....#
,**##.#######.###.##...# ##..###
,,,..,* #.# #.####.# #..#
******* #.###.# #.# #..# #.##..#
#.# #..# #...@>####.####.##
##.#@...........#
##<#.####.####.# ##..# #.# #.#
##.# #.# #.# ########.# #.# #.#
#........# #.# #.# #.########
#.# #.# #.# #.# #.# #.# *,***#.#


You could see Edmund.

Vanquished Creatures
  A scorpion (D:4)
  A jelly (D:4)
  2 iguanas
  6 gnolls
  A shadow imp (D:5)
  3 dart slugs
  An endoplasm (D:4)
  A giant cockroach (D:4)
  A kobold (D:3)
  A goblin (D:4)
18 creatures vanquished.

Notes
Turn   | Place    | Note
-------+----------+-------------------------------------------
     0 | D:5      | comborobin the Troll Delver began the quest for the Orb.
     0 | D:5      | Reached XP level 1. HP: 22/22 MP: 0/0
     6 | D:5      | Noticed an iguana
    42 | D:5      | Killed an iguana
    43 | D:5      | Reached skill level 3 in Unarmed Combat
    43 | D:5      | Reached XP level 2. HP: 16/29 MP: 1/1
   121 | D:5      | Reached XP level 3. HP: 36/36 MP: 2/2
   179 | D:4      | Noticed a scorpion
   186 | D:4      | Killed a scorpion
   187 | D:4      | Reached skill level 4 in Unarmed Combat
   187 | D:4      | Reached XP level 4. HP: 36/44 MP: 3/3
   373 | D:4      | Reached skill level 5 in Unarmed Combat
   396 | D:4      | Reached XP level 5. HP: 35/50 MP: 4/4
   578 | D:5      | Noticed Edmund
   591 | D:5      | Reached skill level 6 in Unarmed Combat
   652 | D:4      | Slain by Edmund

Illustrated notes

Levels and vault maps discovered:
D:3:      layout_basic
D:4:      cheibrodos_barr_body, layout_loops_ring, serial_shops, shop
D:5:      layout_basic, gammafunk_temple_overflow_claw, uniq_edmund

Skill      XL: |  1  2  3  4  5 |
---------------+----------------+-----
Unarmed Combat | 3 4 5 6 |  6.0
Fighting       | |  2.4
Dodging        | |  1.5
Stealth        | |  2.7

Action                     |  1- 3 |  4- 6 || total
---------------------------+-------+-------++-------
  Melee: Unarmed           |    16 |    45 ||    61
    Use: Scroll            |       |     1 ||     1
         Potion            |       |     1 ||     1
   Stab: Sleeping          |     1 |     1 ||     2
 Armour: Robe              |     4 |     5 ||     9
  Dodge: Dodged            |     4 |    11 ||    15
